EL
COLUMBIA FIREFLIES @ SAN JOSE GIANTS
07/31/2044
 
TOP OF THE 1ST
Columbia Fireflies batting - Pitching for San Jose Giants : RHP Danny Gutierrez
Pitching: RHP Danny Gutierrez
Batting: RHB Billy Walker 0-0: Foul Ball, location: 2F
0-1: Ball
1-1: Foul Ball, location: 2F
1-2: SINGLE (Groundball, 25, EV 72.5 MPH) (infield hit)
Batting: LHB Joey Biber 0-0: Fielders Choice at 2nd, 6-4 (Groundball, 6M, EV 105.0 MPH)
Batting: RHB Jeff MacPhee 0-0: Ball
1-0: Called Strike
1-1: Called Strike
1-2: Ball
2-2: Ball
3-2: SINGLE (Groundball, 6MD, EV 96.3 MPH)
Joey Biber to second
Batting: LHB Roy Blonski 0-0: Ball
1-0: Ball
2-0: Ball
3-0: Base on Balls
Joey Biber to third
Jeff MacPhee to second
Batting: RHB Bobby Mabrey 0-0: Ball
1-0: Ball
2-0: Foul Ball, location: 2F
2-1: Ball
3-1: Base on Balls
Joey Biber scores
Jeff MacPhee to third
Roy Blonski to second
Batting: LHB Pete DeHart 0-0: Ground out 6-3 (Groundball, P, EV 85.6 MPH)
Jeff MacPhee scores
Roy Blonski to third
Bobby Mabrey to second
Batting: RHB Jonathan Jelich 0-0: Ball
1-0: Called Strike
1-1: Ball
2-1: Ball
3-1: Base on Balls
Batting: RHB Shawn Mathews 0-0: Called Strike
0-1: Foul Ball, location: 2F
0-2: Foul Ball, location: 2F
0-2: Foul Ball, location: 2F
0-2: Ground out 6-3 (Groundball, 6M, EV 88.1 MPH)
Top of the 1st over - 2 runs, 2 hits, 0 errors, 3 left on base; Columbia 2 - San Jose 0
BOTTOM OF THE 1ST
San Jose Giants batting - Pitching for Columbia Fireflies : RHP Bryan Dorne
Pitching: RHP Bryan Dorne
Batting: LHB J.P. Olson 0-0: Swinging Strike
0-1: Ball
1-1: Ball
2-1: Called Strike
2-2: Strikes out swinging
Batting: RHB Tyler Mapes 0-0: Called Strike
0-1: Ball
1-1: Ball
2-1: Ball
3-1: Called Strike
3-2: Ground out 1-3 (Groundball, 23, EV 63.8 MPH)
Batting: RHB Tade Post 0-0: Foul Ball, location: 2F
0-1: Ball
1-1: Foul Ball, location: 2F
1-2: Ball
2-2: Foul Ball, location: 2F
2-2: Ground out 4-3 (Groundball, 13, EV 81.9 MPH)
Bottom of the 1st over - 0 runs, 0 hits, 0 errors, 0 left on base; Columbia 2 - San Jose 0
TOP OF THE 2ND
Columbia Fireflies batting - Pitching for San Jose Giants : RHP Danny Gutierrez
Batting: RHB Omar Gonzalez 0-0: Called Strike
0-1: Called Strike
0-2: Ground out 5-3 (Groundball, 56D, EV 97.5 MPH)
Batting: RHB Billy Walker 0-0: Called Strike
0-1: Ball
1-1: Foul Ball, location: 2F
1-2: SINGLE (Groundball, 15S, EV 63.1 MPH) (infield hit)
Batting: LHB Joey Biber 0-0: Ball
1-0: Ball
2-0: Called Strike
2-1: Ball
3-1: Base on Balls
Billy Walker to second
Batting: RHB Jeff MacPhee 0-0: Ball
1-0: Ball
2-0: DOUBLE (Line Drive, 89D, EV 107.5 MPH)
Billy Walker scores
Joey Biber to third
Runner from 3rd tries for Home, SAFE, throw by CF to trailing runner, SAFE at third!
Batting: LHB Roy Blonski 0-0: Ball
1-0: Ball
2-0: Foul Ball, location: 2F
2-1: Fly out, F4 (Line Drive, 4, EV 70.0 MPH)
Batting: RHB Bobby Mabrey 0-0: Called Strike
0-1: Ball
1-1: Ground out 6-3 (Groundball, 6, EV 103.8 MPH)
Top of the 2nd over - 2 runs, 2 hits, 0 errors, 1 left on base; Columbia 4 - San Jose 0
BOTTOM OF THE 2ND
San Jose Giants batting - Pitching for Columbia Fireflies : RHP Bryan Dorne
Batting: LHB Fred Arends 0-0: Ball
1-0: Ball
2-0: Ball
3-0: Base on Balls
Batting: LHB Tony Galvan 0-0: Ball
1-0: Ball
2-0: SINGLE (Line Drive, 8LS, EV 93.1 MPH)
Fred Arends to second
Batting: RHB Josh Lippens 0-0: Ball
1-0: Called Strike
1-1: Called Strike
1-2: Fielders Choice at 2nd, 3-6 (Groundball, 34, EV 108.1 MPH)
Fred Arends to third
Batting: RHB Jonathan Reece 0-0: Called Strike
0-1: Ball
1-1: Ball
2-1: SINGLE (Line Drive, 78M, EV 108.8 MPH)
Fred Arends scores
Josh Lippens to second
Batting: RHB Jack Toole 0-0: Called Strike
0-1: Ball
1-1: Ball
2-1: Ball
3-1: Foul Ball, location: 2F
3-2: Strikes out swinging
Batting: RHB Mike Jones 0-0: Ball
1-0: Fly out, F8 (Line Drive, 8RM, EV 94.4 MPH)
Bottom of the 2nd over - 1 run, 2 hits, 0 errors, 2 left on base; Columbia 4 - San Jose 1
TOP OF THE 3RD
Columbia Fireflies batting - Pitching for San Jose Giants : RHP Danny Gutierrez
Batting: LHB Pete DeHart 0-0: Ball
1-0: Ball
2-0: Fly out, F7 (Flyball, 7, EV 81.3 MPH)
Batting: RHB Jonathan Jelich 0-0: Ball
1-0: Foul Ball, location: 2F
1-1: Foul Ball, location: 2F
1-2: Strikes out swinging
Batting: RHB Shawn Mathews 0-0: Ball
1-0: Ball
2-0: Fly out, F9 (Flyball, 9, EV 86.3 MPH)
Top of the 3rd over - 0 runs, 0 hits, 0 errors, 0 left on base; Columbia 4 - San Jose 1
BOTTOM OF THE 3RD
San Jose Giants batting - Pitching for Columbia Fireflies : RHP Bryan Dorne
Batting: LHB J.P. Olson 0-0: Swinging Strike
0-1: Ball
1-1: Ball
2-1: Swinging Strike
2-2: Strikes out looking
Batting: RHB Tyler Mapes 0-0: Ball
1-0: Ball
2-0: Ball
3-0: Called Strike
3-1: DOUBLE (Line Drive, 7LS, EV 104.4 MPH)
Batting: RHB Tade Post 0-0: Called Strike
0-1: Ground out 5-3 (Groundball, 56S, EV 85.0 MPH)
Batting: LHB Fred Arends 0-0: Called Strike
0-1: Swinging Strike
0-2: Foul Ball, location: 2F
0-2: Ball
1-2: 2-RUN HOME RUN (Flyball, 8RXD, EV 109.4 MPH), Distance : 429 ft
Batting: LHB Tony Galvan 0-0: Foul Ball, location: 2F
0-1: Ball
1-1: Ball
2-1: Fly out, F8 (Flyball, 8RM, EV 86.9 MPH)
Bottom of the 3rd over - 2 runs, 2 hits, 0 errors, 0 left on base; Columbia 4 - San Jose 3
TOP OF THE 4TH
Columbia Fireflies batting - Pitching for San Jose Giants : RHP Danny Gutierrez
Batting: RHB Omar Gonzalez 0-0: Foul Ball, location: 2F
0-1: Ball
1-1: Ball
2-1: Foul Ball, location: 2F
2-2: Ground out 5-3 (Groundball, 56, EV 83.8 MPH)
Batting: RHB Billy Walker 0-0: Ball
1-0: Swinging Strike
1-1: SINGLE (Line Drive, 56, EV 93.8 MPH)
Batting: LHB Joey Biber 0-0: Called Strike
Billy Walker is caught stealing 2nd base 2-6
0-1: Ball
1-1: Swinging Strike
1-2: Foul Ball, location: 2F
1-2: Fly out, F8 (Flyball, 8RS, EV 94.4 MPH)
Top of the 4th over - 0 runs, 1 hit, 0 errors, 0 left on base; Columbia 4 - San Jose 3
BOTTOM OF THE 4TH
San Jose Giants batting - Pitching for Columbia Fireflies : RHP Bryan Dorne
Batting: RHB Josh Lippens 0-0: SINGLE (Groundball, 4, EV 96.9 MPH)
Batting: RHB Jonathan Reece 0-0: Called Strike
0-1: Swinging Strike
0-2: SINGLE (Flyball, 78S, EV 90.6 MPH)
Josh Lippens to second
Batting: RHB Jack Toole 0-0: Ball
1-0: Swinging Strike
1-1: Ball
2-1: Foul Ball, location: 2F
2-2: SINGLE (Groundball, 6MD, EV 110.6 MPH)
Josh Lippens to third
Jonathan Reece to second
Batting: RHB Mike Jones 0-0: Called Strike
0-1: Ball
1-1: Called Strike
1-2: Ball
2-2: Foul Ball, location: 2F
2-2: Ball
3-2: Strikes out swinging
Batting: LHB J.P. Olson 0-0: Ball
1-0: SINGLE (Groundball, 6S, EV 62.5 MPH) (infield hit)
Josh Lippens scores
Jonathan Reece to third
Jack Toole to second
Batting: RHB Tyler Mapes 0-0: Called Strike
0-1: Fly out, F9 (Flyball, 9S, EV 78.8 MPH)
Batting: RHB Tade Post 0-0: Fly out, F9 (Line Drive, 9D, EV 93.8 MPH)
Bottom of the 4th over - 1 run, 4 hits, 0 errors, 3 left on base; Columbia 4 - San Jose 4
TOP OF THE 5TH
Columbia Fireflies batting - Pitching for San Jose Giants : RHP Danny Gutierrez
Batting: RHB Jeff MacPhee 0-0: Called Strike
0-1: Called Strike
0-2: Foul Ball, location: 2F
0-2: Ball
1-2: Ball
2-2: Ball
3-2: Foul Ball, location: 2F
3-2: Fly out, F7 (Flyball, 78S, EV 72.5 MPH)
Batting: LHB Roy Blonski 0-0: Ball
1-0: Ball
2-0: Ball
3-0: Called Strike
3-1: Ground out 6-3 (Groundball, 6, EV 85.0 MPH)
Batting: RHB Bobby Mabrey 0-0: Ball
1-0: Ball
2-0: Ball
3-0: Called Strike
3-1: Base on Balls
Batting: LHB Pete DeHart 0-0: Foul Ball, location: 2F
0-1: Ball
1-1: Ground out 4-3 (Groundball, 4, EV 103.8 MPH)
Top of the 5th over - 0 runs, 0 hits, 0 errors, 1 left on base; Columbia 4 - San Jose 4
BOTTOM OF THE 5TH
San Jose Giants batting - Pitching for Columbia Fireflies : RHP Bryan Dorne
Batting: LHB Fred Arends 0-0: Called Strike
0-1: Ball
1-1: Foul Ball, location: 2F
1-2: Strikes out looking
Batting: LHB Tony Galvan 0-0: Called Strike
0-1: Ball
1-1: Ball
2-1: Called Strike
2-2: Ground out U3 (Groundball, 3S, EV 85.6 MPH)
Batting: RHB Josh Lippens 0-0: Ground out U3 (Groundball, 3, EV 108.8 MPH)
Bottom of the 5th over - 0 runs, 0 hits, 0 errors, 0 left on base; Columbia 4 - San Jose 4
TOP OF THE 6TH
Columbia Fireflies batting - Pitching for San Jose Giants : RHP Danny Gutierrez
Pitching: LHP Tommy McCusker
Batting: RHB Jonathan Jelich 0-0: Foul Ball, location: 2F
0-1: Foul Ball, location: 2F
0-2: Strikes out swinging
Batting: RHB Shawn Mathews 0-0: Ball
1-0: Fly out, F8 (Flyball, 8LS, EV 74.4 MPH)
Batting: RHB Omar Gonzalez 0-0: Ball
1-0: Called Strike
1-1: Ball
2-1: Foul Ball, location: 2F
2-2: SINGLE (Flyball, 4MD, EV 82.5 MPH)
Batting: RHB Billy Walker 0-0: Called Strike
0-1: Called Strike
0-2: Foul Ball, location: 2F
0-2: Ball
1-2: Foul Ball, location: 2F
1-2: Ball
2-2: Strikes out swinging
Top of the 6th over - 0 runs, 1 hit, 0 errors, 1 left on base; Columbia 4 - San Jose 4
BOTTOM OF THE 6TH
San Jose Giants batting - Pitching for Columbia Fireflies : RHP Bryan Dorne
Pitching: RHP Jose Herrera
Batting: RHB Jonathan Reece 0-0: Called Strike
0-1: Ground out 5-3 (Groundball, 5S, EV 82.5 MPH)
Batting: RHB Jack Toole 0-0: Called Strike
0-1: Foul Ball, location: 2F
0-2: DOUBLE (Line Drive, 8LXD, EV 110.6 MPH)
Batting: RHB Mike Jones 0-0: Called Strike
0-1: DOUBLE (Line Drive, 8RD, EV 93.8 MPH)
Jack Toole scores
Batting: LHB J.P. Olson 0-0: Called Strike
0-1: Ball
1-1: Ground out 5-3 (Groundball, 56, EV 86.9 MPH)
Batting: RHB Tyler Mapes 0-0: Ball
1-0: Foul Ball, location: 2F
1-1: Swinging Strike
1-2: Strikes out swinging
Bottom of the 6th over - 1 run, 2 hits, 0 errors, 1 left on base; Columbia 4 - San Jose 5
TOP OF THE 7TH
Columbia Fireflies batting - Pitching for San Jose Giants : LHP Tommy McCusker
Pitching: RHP Phil Holmes
Batting: LHB Joey Biber 0-0: SINGLE (Groundball, 34D, EV 94.4 MPH)
Batting: RHB Jeff MacPhee 0-0: Ball
Joey Biber is caught stealing 2nd base 2-4
1-0: Ground out 6-3 (Groundball, 4MS, EV 71.3 MPH)
Batting: LHB Roy Blonski 0-0: Ball
1-0: Fly out, F7 (Flyball, 7, EV 86.3 MPH)
Top of the 7th over - 0 runs, 1 hit, 0 errors, 0 left on base; Columbia 4 - San Jose 5
BOTTOM OF THE 7TH
San Jose Giants batting - Pitching for Columbia Fireflies : RHP Jose Herrera
Pitching: RHP Bruce Charles
Batting: RHB Tade Post 0-0: Ball
1-0: Swinging Strike
1-1: Called Strike
1-2: Ball
2-2: Ball
3-2: Foul Ball, location: 2F
3-2: Base on Balls
Batting: LHB Fred Arends 0-0: Called Strike
Tade Post steals 2nd base
0-1: Swinging Strike
0-2: Foul Ball, location: 2F
0-2: Foul Ball, location: 2F
0-2: Foul Ball, location: 2F
0-2: Ball
1-2: 2-RUN HOME RUN (Flyball, 89XD, EV 101.3 MPH), Distance : 409 ft
Batting: LHB Tony Galvan 0-0: Ball
1-0: Ball
2-0: Ground out 1-3 (Groundball, 25, EV 66.3 MPH)
Batting: RHB Josh Lippens 0-0: Ball
1-0: Called Strike
1-1: Ground out U3 (Groundball, 34, EV 88.8 MPH)
Batting: RHB Jonathan Reece 0-0: Foul Ball, location: 2F
0-1: Ball
1-1: DOUBLE (Flyball, 8LXD, EV 106.3 MPH)
Pinch Runner at 2nd Terry Ebersole:
Batting: RHB Jack Toole 0-0: Called Strike
0-1: Ball
1-1: Foul Ball, location: 2F
1-2: Ball
2-2: Ball
3-2: Base on Balls
Pitching: LHP Brad Harris
Batting: RHB Mike Jones 0-0: Called Strike
0-1: Ball
1-1: Foul Ball, location: 2F
1-2: SINGLE (Flyball, 8LS, EV 95.0 MPH)
Terry Ebersole to third
Jack Toole to second
Runner from 3rd tries for Home, throw by CF and OUT! 8-2
Bottom of the 7th over - 2 runs, 3 hits, 0 errors, 2 left on base; Columbia 4 - San Jose 7
TOP OF THE 8TH
Columbia Fireflies batting - Pitching for San Jose Giants : RHP Phil Holmes
Batting: RHB Bobby Mabrey 0-0: Called Strike
0-1: Ball
1-1: Ball
2-1: Ground out U3 (Groundball, 3, EV 80.6 MPH)
Batting: LHB Pete DeHart 0-0: Foul Ball, location: 2F
0-1: Fly out, F8 (Flyball, 8LD, EV 97.5 MPH)
Batting: RHB Jonathan Jelich 0-0: Ball
1-0: Ball
2-0: Ball
3-0: DOUBLE (Flyball, 78D, EV 98.8 MPH)
Batting: RHB Shawn Mathews 0-0: Ball
1-0: Foul Ball, location: 2F
1-1: Foul Ball, location: 2F
1-2: Strikes out looking
Top of the 8th over - 0 runs, 1 hit, 0 errors, 1 left on base; Columbia 4 - San Jose 7
BOTTOM OF THE 8TH
San Jose Giants batting - Pitching for Columbia Fireflies : LHP Brad Harris
Batting: LHB J.P. Olson 0-0: Ball
1-0: Ball
2-0: Foul Ball, location: 2F
2-1: DOUBLE (Line Drive, 9LM, EV 107.5 MPH)
Batting: RHB Tyler Mapes 0-0: SINGLE (Groundball, 34D, EV 105.6 MPH)
J.P. Olson to third
Runner from 3rd tries for Home, SAFE, throw by RF to home
Batting: RHB Tade Post 0-0: Fielders Choice at 2nd, 4-6 (Groundball, 34, EV 87.5 MPH)
Batting: LHB Fred Arends 0-0: Ball
Tade Post steals 2nd base (no throw)
1-0: Called Strike
1-1: Foul Ball, location: 2F
1-2: Strikes out looking
Batting: LHB Tony Galvan 0-0: Fly out, F8 (Flyball, 8LD, EV 73.8 MPH)
Bottom of the 8th over - 1 run, 2 hits, 0 errors, 1 left on base; Columbia 4 - San Jose 8
TOP OF THE 9TH
Columbia Fireflies batting - Pitching for San Jose Giants : RHP Phil Holmes
Pitching: RHP Rich Benoit
Batting: RHB Omar Gonzalez 0-0: Called Strike
0-1: Foul Ball, location: 2F
0-2: Ball
1-2: Fly out, F9 (Flyball, 9S, EV 81.3 MPH)
Batting: RHB Billy Walker 0-0: Called Strike
0-1: Ball
1-1: Ball
2-1: Foul Ball, location: 2F
2-2: Strikes out swinging
Batting: LHB Joey Biber 0-0: Ball
1-0: Ball
2-0: Foul Ball, location: 2F
2-1: Ball
3-1: Called Strike
3-2: SINGLE (Line Drive, 8RS, EV 105.0 MPH)
Batting: RHB Jeff MacPhee 0-0: Called Strike
0-1: Ball
1-1: Ball
2-1: Called Strike
2-2: Ball
3-2: Foul Ball, location: 2F
3-2: Base on Balls
Joey Biber to second
Batting: LHB Roy Blonski 0-0: Ball
1-0: Ball
2-0: Swinging Strike
2-1: Foul Ball, location: 2F
2-2: Strikes out swinging
Top of the 9th over - 0 runs, 1 hit, 0 errors, 2 left on base; Columbia 4 - San Jose 8
Thursday, March 31st , 2022 - OOTP Baseball 22.12 Build 89